 Dungeon Sprint DCSS version 0.20.1-1-g8b1a95d (webtiles) character file.

135467 equalderp2856 the Executioner (level 14, -4/151 HPs)
             Began as a Minotaur Fighter on Sept 4, 2017.
             Was an Initiate of Gozag.
             Killed from afar by an orb of fire (30 damage)
             ... with a bolt of fire
             ... in the Dungeon (Sprint IX: "|||||||||||||||||||||||||||||").
             The game lasted 00:21:57 (9198 turns).

equalderp2856 the Executioner (Minotaur Fighter)    Turns: 9198, Time: 00:21:57

Health: -4/151     AC: 31    Str: 21    XL:     14   Next: 19%
Magic:  13/13      EV: 11    Int:  7    God:    Gozag
Gold:   15015      SH: 27    Dex: 19    Spells: 13/13 levels left

rFire    . . .     SeeInvis .   M - +3 broad axe (chop)
rCold    . . .     Gourm    .   Z - +3 large shield
rNeg     . . .     Faith    .   O - +2 plate armour
rPois    .         Spirit   .   E - +0 hat
rElec    .         Reflect  .   Y - +0 cloak {+Inv}
rCorr    .         Harm     .   D - +2 pair of gloves
MR       +....     NoTele   +   w - +2 pair of boots {Stlth+}
Stlth    +.........             (no amulet)
Regen    0.4/turn               p - +3 ring of dexterity
MPRegen  0.2/turn               q - +3 ring of dexterity

@: gold aura
A: retaliatory headbutt, horns 2
}: 5/15 runes: decaying, serpentine, barnacled, silver, gossamer
a: Potion Petition, Call Merchant, Bribe Branch, Renounce Religion, Evoke
Invisibility


You were in the Dungeon.
You worshipped Gozag.
Gozag was extremely pleased with you.
You were not hungry.

You visited 1 branch You collected 30152 gold pieces.
You spent 137 gold pieces at shops.
You paid 15000 gold pieces to Gozag.

Inventory:

Hand Weapons
 a - a +0 war axe
 t - a +3 war axe of freezing
 L - a +3 broad axe
 M - a +3 broad axe of chopping (weapon)
Armour
 r - the +0 pair of gloves of the Harp {rPois Str+5}
   (You found it in the Dungeon)

   It affects your strength (+5).
   It protects you from poison.
 w - a +2 pair of boots of stealth (worn)
 B - a +2 pair of gloves
 D - a +2 pair of gloves (worn)
 E - a +0 hat (worn)
 K - a +1 cloak
 N - a +3 chain mail
 O - a +2 plate armour (worn)
 Y - a +0 cloak of invisibility (worn)
 Z - a +3 large shield (worn)
Jewellery
 b - the amulet "Xigafril" {Reflect *Drain rElec Int+8 SH+2}
   (You found it in the Dungeon)

   [amulet of reflection]

   It shields you and reflects attacks.
   It affects your intelligence (+8).
   It insulates you from electricity.
   It causes draining when unequipped.
   It affects your SH (+2).
 c - the amulet of the Secret Orbs {Reflect MR++ SH+3}
   (You found it in the Dungeon)

   [amulet of reflection]

   It shields you and reflects attacks.
   It affects your resistance to hostile enchantments.
   It affects your SH (+3).
 n - the ring of Utreg {rCorr +Inv Str+3}
   (You found it in the Dungeon)

   [ring of resist corrosion]

   It affects your strength (+3).
   It lets you turn invisible.
 p - a +3 ring of dexterity (left hand)
 q - a +3 ring of dexterity (right hand)
 s - the ring "Riesyol" {+Blink rPois rC- EV+3 Stlth+}
   (You found it in the Dungeon)

   [ring of evasion]

   It affects your evasion (+3).
   It makes you vulnerable to cold.
   It protects you from poison.
   It lets you blink.
   It makes you more stealthy.
 v - the amulet of Happiness {Reflect rC+ Int+3 Dex+4 SH+3}
   (You found it in the Dungeon)

   [amulet of reflection]

   It shields you and reflects attacks.
   It affects your intelligence (+3).
   It affects your dexterity (+4).
   It protects you from cold.
   It affects your SH (+3).
 y - a +3 ring of evasion {unknown}
 G - a +3 ring of protection
 H - an uncursed ring of protection from fire
 I - a +2 amulet of reflection
 J - an uncursed ring of ice
 T - a +6 ring of dexterity
 U - a +6 ring of dexterity
 V - an uncursed ring of protection from magic
 W - a +6 ring of intelligence
 X - a +4 ring of protection
Wands
 o - a wand of acid (7/15)
Scrolls
 f - 3 scrolls of identify
 k - 5 scrolls of blinking
 m - 5 scrolls of remove curse
 F - 4 scrolls of fog
 R - 2 scrolls of enchant weapon
Potions
 d - 2 potions of might
 e - a potion of invisibility
 g - 9 potions of heal wounds
 h - 9 potions of haste
 i - 4 potions of magic
 j - 3 potions of berserk rage
 l - 7 potions of curing
 C - a potion of resistance
 P - 2 potions of agility
 Q - 2 potions of brilliance
 S - a potion of flight {unknown}
Books
 u - a book of Maledictions

   Spells                             Type                      Level
   a - Corona                         Hexes                        1
   b - Ensorcelled Hibernation        Hexes/Ice                    2
   c - Confuse                        Hexes                        3
   d - Tukima's Dance                 Hexes                        3
   e - Dazzling Spray                 Conjuration/Hexes            3
Comestibles
 x - 38 fruits
 z - 9 bread rations
 A - 11 meat rations


   Skills:
 + Level 21.4 Fighting
 + Level 22.5 Axes
 + Level 20.4 Armour
 + Level 6.6 Dodging
 + Level 7.3 Stealth
 + Level 21.9 Shields


You had 13 spell levels left.
You didn't know any spells.

Dungeon Overview and Level Annotations

Branches:
Dungeon (1/1)

Altars:
Cheibriados
Dithmenos
Elyvilon
Fedhas
Gozag
Hepliaklqana
Kikubaaqudgha
Makhleb
Nemelex Xobeh
Okawaru
Qazlal
Ru
Sif Muna
Trog
Uskayaw
Vehumet
Xom
Yredelemnul
Zin
The Shining One
Beogh
Jiyva
Lugonu

Shops:
D ::[?

Annotations:
D Jory, Margery, Rupert


Innate Abilities, Weirdness & Mutations

You reflexively headbutt those who attack you in melee.
You have a pair of horns on your head.


Message History

The Orb Guardian hits your orb of fire but does no damage.
Your Orb Guardian hits the Orb Guardian!!
The Orb Guardian hits your Orb Guardian!!
Your Orb Guardian dies!
The Orb Guardian hits your orb of fire but does no damage.
The Orb Guardian hits your orb of fire!!
You block the Orb Guardian's attack.
You see here 162 gold pieces.
Your orb of fire glows deep purple.
The bolt of fire hits the Orb Guardian.
The Orb Guardian dies!
The bolt of fire hits the Orb Guardian.
The Orb Guardian dies!
The bolt of fire hits you!
* * * LOW HITPOINT WARNING * * *
You block the Orb Guardian's attack.
Your orb of fire glows bright magenta.
The bolt of fire hits you!
You die...
Your body crumbles into a pile of gold.

*,*,*,*,*,*,▓.▓.▓(▓.▓.▓.▓.▓.▓.
*,*,*+*,*,*,▓.▓.▓.▓.▓.▓.▓.▓.▓)
*,*,*,*,*,*,▓.▓.▓.▓.▓.▓.▓[▓.▓)
*,*,*,*,*,*,▓X▓.▓.▓.▓'▓.▓)▓.▓'
*,*,*,*,*,*,▓*▓.▓.▓.▓.▓.▓.▓.▓.
*,*,*,*,*,*,▓'▓.▓)▓.▓.▓.▓)▓.▓.
*,*,*,*,*,*,▓.▓.▓)▓.▓.▓.▓'▓.▓.
*,*,*,*,*,*,▓$▓.▓)▓.▓.▓.▓)▓.▓)
*,*,*,*,*,*,▓@▓.▓)▓.▓.▓.▓.▓.▓.
*,*,*,*,*,*,▓X▓.▓)▓.▓.▓.▓)▓.▓.
*,*,*,*,*,*,▓X▓.▓(▓.▓.▓.▓)▓.▓.
*,*,*,*,*+*,▓.▓.▓.▓.▓.▓.▓.▓.▓.
*,*,*,*,*,*,▓$▓.▓.▓.▓.▓.▓.▓.▓.
*,*,*,*,*,*,▓.▓.▓)▓.▓[▓.▓.▓.▓.
*,*,*+*,*,*,▓$▓.▓)▓.▓.▓.▓.▓.▓.
*,*,*,*,*,*,▓.▓.▓.▓.▓.▓.▓.▓.▓(
*,*,*,*,*,*,▓+▓.▓)▓.▓)▓.▓.▓.▓.


You could see 2 neutral Orb Guardians, a friendly orb of fire and a friendly Orb
Guardian.

Vanquished Creatures
  Boris (D)
  A golden dragon (D)
  A quicksilver dragon (D)
  Frances (D)
  A sphinx (D)
  3 shadow dragons (D)
  A draconian scorcher (D)
  An emperor scorpion (D)
  An ironheart preserver (D)
  Nessos (D)
  A merfolk impaler (D)
  Harold (D)
  Erolcha (D)
  3 fire dragons (D)
  A hydra (D)
  2 vault guards (D)
  A ghost crab (D)
  An alligator (D)
  A two-headed ogre (D)
  A death yak (D)
  A deep troll earth mage (D)
  3 swamp dragons (D)
  3 orc knights (D)
  An orb spider (D)
  4 wolf spiders (D)
  An ugly thing (D)
  An elephant (D)
  A naga mage (D)
  A guardian serpent (D)
  2 spiny frogs (D)
  2 demonic crawlers (D)
  3 komodo dragons (D)
  A guardian mummy (D)
  A jumping spider (D)
  3 tyrant leeches (D)
  A wind drake (D)
  A wind drake (shapeshifter) (D)
  A troll (D)
  5 blink frogs (D)
  2 hippogriffs (D)
  2 snapping turtles (D)
  3 redbacks (D)
  2 basilisks (D)
  A hungry ghost (D)
  A vampire mosquito (D)
  4 nagas (D)
  A porcupine (D)
  An ice beast (D)
  15 orc warriors (D)
  A sky beast (D)
  A necrophage (D)
  2 crocodiles (D)
  6 bullfrogs (D)
  A howler monkey (D)
  A crimson imp (D)
  3 orc priests (D)
  2 hounds (D)
  A jelly (D)
  6 orc wizards (D)
  A worker ant (D)
  An adder skeleton (D)
  5 orcs (D)
  A giant cockroach (D)
  A goblin (D)
  A ball python zombie (D)
  A frilled lizard (D)
  2 kobolds (D)
  A crawling corpse (D)
131 creatures vanquished.

Vanquished Creatures (collateral kills)
  A golden dragon (D)
  3 Orb Guardians (D)
  2 shadow dragons (D)
  Agnes (D)
  2 storm dragons (D)
  A tengu reaver (D)
  A nagaraja (D)
  A vault warden (D)
  2 ghost moths (D)
  A stone giant (D)
  An emperor scorpion (D)
  An ironheart preserver (D)
  A purple draconian (D)
  2 yellow draconians (D)
  A merfolk javelineer (D)
  A yaktaur captain (D)
  A merfolk impaler (D)
  A vault guard (D)
  A rakshasa (D)
  A deep troll earth mage (D)
  A tengu warrior (D)
  2 spriggan berserkers (D)
  Sonja (D)
  A deep elf archer (D)
  A salamander mystic (D)
  An unseen horror (D)
  A glowing orange brain (D)
  An ironbrand convoker (D)
  A wolf spider (D)
  A cyclops (shapeshifter) (D)
  2 vault sentinels (D)
  A water nymph (D)
  A yaktaur (D)
  A freezing wraith (D)
  A guardian mummy (D)
  2 merfolk (D)
  A slime creature (D)
  A hornet (D)
  A redback (D)
  A vampire mosquito (D)
  2 orc warriors (D)
  A crawling corpse (D)
52 creatures vanquished.

Vanquished Creatures (others)
  Sojobo (D)
  Nikola (D)
  4 Orb Guardians (D)
  2 liches (D)
  A quicksilver dragon (D)
  3 tentacled monstrosities (D)
  2 tengu reavers (D)
  A shadow dragon (D)
  A storm dragon (D)
  3 nagarajas (D)
  A fire giant (D)
  A draconian knight (D)
  7 vault wardens (D)
  Ilsuiw (D)
  2 frost giants (D)
  A ghost moth (D)
  2 draconian stormcallers (D)
  An emperor scorpion (D)
  A draconian shifter (D)
  An ironheart preserver (D)
  A green draconian (D)
  4 stone giants (D)
  A black draconian (D)
  2 white draconians (D)
  A red draconian (D)
  2 yellow draconians (D)
  2 purple draconians (D)
  A deep elf death mage (D)
  3 merfolk javelineers (D)
  3 fire dragons (D)
  2 merfolk impalers (D)
  6 yaktaur captains (D)
  A deep elf high priest (D)
  22 vault guards (D)
  2 rakshasas (D)
  4 ice dragons (D)
  A great orb of eyes (D)
  7 hydras (D)
  4 centaur warriors (D)
  A death knight (D)
  A naga warrior (D)
  A two-headed ogre (D)
  2 ogre magi (D)
  2 orc knights (D)
  2 merfolk aquamancers (D)
  A deep troll earth mage (D)
  A shock serpent (D)
  A spriggan berserker (D)
  A spriggan druid (D)
  A naga ritualist (D)
  2 swamp dragons (D)
  2 wizards (D)
  A shambling mangrove (D)
  2 vault sentinels (D)
  An ugly thing (D)
  2 moths of wrath (D)
  A naga mage (D)
  A guardian serpent (D)
  A water nymph (D)
  2 black mambas (D)
  A spiny frog (D)
  A spiny frog (shapeshifter) (D)
  An efreet (D)
  A demonic crawler (D)
  3 merfolk (D)
  3 jumping spiders (D)
  A hornet (D)
  A slime creature (D)
  A naga (D)
  3 orc warriors (D)
  An ogre (shapeshifter) (D)
  A jelly (D)
153 creatures vanquished.

Grand Total: 336 creatures vanquished

Notes
Turn   | Place    | Note
-------+----------+-------------------------------------------
     0 | D        | equalderp2856 the Minotaur Fighter began the quest for the Orb.
     0 | D        | Reached XP level 1. HP: 19/19 MP: 0/0
    17 | D        | Noticed a howler monkey
    17 | D        | Noticed a worker ant
    17 | D        | Noticed a crimson imp
    17 | D        | Noticed a sky beast
    17 | D        | Noticed a hound
    21 | D        | Killed a howler monkey
    21 | D        | Reached skill level 5 in Fighting
    21 | D        | Reached skill level 3 in Axes
    21 | D        | Reached skill level 5 in Armour
    21 | D        | Reached skill level 5 in Shields
    21 | D        | Reached XP level 2. HP: 25/30 MP: 1/1
    21 | D        | Reached XP level 3. HP: 31/37 MP: 2/2
    27 | D        | Reached XP level 4. HP: 29/45 MP: 3/3
    37 | D        | Killed a sky beast
    37 | D        | Reached skill level 4 in Axes
    37 | D        | Reached skill level 1 in Dodging
    37 | D        | Reached XP level 5. HP: 19/53 MP: 4/4
    39 | D        | Reached skill level 5 in Axes
   264 | D        | Found a roughly hewn altar of Beogh.
   264 | D        | Found a snail-covered altar of Cheibriados.
   264 | D        | Found a shadowy altar of Dithmenos.
   264 | D        | Found a white marble altar of Elyvilon.
   264 | D        | Found a blossoming altar of Fedhas.
   264 | D        | Found an opulent altar of Gozag.
   265 | D        | Found a hazy altar of Hepliaklqana.
   266 | D        | Found a viscous altar of Jiyva.
   267 | D        | Found an ancient bone altar of Kikubaaqudgha.
   268 | D        | Found a corrupted altar of Lugonu.
   269 | D        | Found a burning altar of Makhleb.
   270 | D        | Found a sparkling altar of Nemelex Xobeh.
   271 | D        | Found an iron altar of Okawaru.
   272 | D        | Found a stormy altar of Qazlal.
   273 | D        | Found a sacrificial altar of Ru.
   276 | D        | Became a worshipper of Gozag Ym Sagoz the Greedy
   279 | D        | Found a deep blue altar of Sif Muna.
   280 | D        | Found a bloodstained altar of Trog.
   281 | D        | Found a hide-covered altar of Uskayaw.
   282 | D        | Found a radiant altar of Vehumet.
   284 | D        | Found a shimmering altar of Xom.
   285 | D        | Found a basalt altar of Yredelemnul.
   286 | D        | Found a glowing silver altar of Zin.
   287 | D        | Found a glowing golden altar of the Shining One.
   342 | D        | Noticed a necrophage
   350 | D        | Killed a necrophage
   350 | D        | Reached skill level 6 in Axes
   350 | D        | Reached XP level 6. HP: 63/63 MP: 5/5
   396 | D        | Noticed an orc warrior
   396 | D        | Noticed a hungry ghost
   396 | D        | Noticed a two-headed ogre
   396 | D        | Noticed an ice beast
   396 | D        | Noticed a hippogriff
   402 | D        | Killed an orc warrior
   402 | D        | Reached skill level 7 in Axes
   407 | D        | Killed a hungry ghost
   407 | D        | Reached skill level 10 in Fighting
   407 | D        | Reached skill level 8 in Axes
   407 | D        | Reached skill level 10 in Shields
   407 | D        | Reached XP level 7. HP: 65/72 MP: 6/6
   413 | D        | Killed a two-headed ogre
   413 | D        | Reached skill level 11 in Axes
   413 | D        | Reached skill level 10 in Armour
   413 | D        | Reached XP level 8. HP: 53/82 MP: 7/7
   423 | D        | Killed a hippogriff
   423 | D        | Reached skill level 12 in Axes
   639 | D        | Noticed Sonja
   964 | D        | Noticed a komodo dragon
   964 | D        | Noticed a komodo dragon
   985 | D        | Noticed a spiny frog
   992 | D        | Killed a komodo dragon
   992 | D        | Reached skill level 13 in Axes
   992 | D        | Reached XP level 9. HP: 36/90 MP: 8/8
  1274 | D        | Killed a komodo dragon
  1301 | D        | Killed a spiny frog
  1301 | D        | Reached skill level 14 in Axes
  1329 | D        | Noticed a komodo dragon
  1333 | D        | Noticed an elephant
  1337 | D        | Killed a komodo dragon
  1337 | D        | Reached skill level 5 in Dodging
  1337 | D        | Reached skill level 1 in Stealth
  1343 | D        | Noticed a death yak
  1359 | D        | Reached skill level 15 in Axes
  1372 | D        | Killed an elephant
  1372 | D        | Reached XP level 10. HP: 52/101 MP: 9/9
  1383 | D        | Killed a death yak
  1647 | D        | Noticed a spiny frog
  1660 | D        | Killed a spiny frog
  1660 | D        | Reached skill level 16 in Axes
  1922 | D        | Noticed an orc knight
  1926 | D        | Reached skill level 17 in Axes
  1953 | D        | Killed an orc knight
  1986 | D        | Reached XP level 11. HP: 77/111 MP: 10/10
  2115 | D        | Found Cenean's Book Emporium.
  2115 | D        | Noticed an orc knight
  2115 | D        | Noticed an orc knight
  2128 | D        | Killed an orc knight
  2131 | D        | Found Ruvaibbu's Book Shoppe.
  2135 | D        | Found Exkawk's Armour Emporium.
  2137 | D        | Noticed an orc knight
  2138 | D        | Found Eruannef's Magic Scroll Shoppe.
  2151 | D        | Killed an orc knight
  2151 | D        | Reached skill level 15 in Fighting
  2151 | D        | Reached skill level 5 in Stealth
  2166 | D        | Reached skill level 18 in Axes
  2326 | D        | Bought 3 scrolls of magic mapping for 115 gold pieces
  2326 | D        | Bought a scroll of fog for 22 gold pieces
  2441 | D        | Noticed Harold
  2463 | D        | Killed Harold
  2628 | D        | Noticed Erolcha
  2636 | D        | Killed Erolcha
  2953 | D        | Noticed a centaur warrior
  2953 | D        | Noticed a death knight
  2953 | D        | Noticed a two-headed ogre
  2953 | D        | Noticed a centaur warrior
  2955 | D        | Noticed a seven-headed hydra
  2956 | D        | Noticed a tengu reaver
  2956 | D        | Killed a centaur warrior
  2957 | D        | Noticed a rakshasa
  2963 | D        | Killed a tengu reaver
  2963 | D        | Killed a two-headed ogre
  2964 | D        | Killed a rakshasa
  2965 | D        | Noticed a frost giant
  2967 | D        | Killed a frost giant
  2969 | D        | Killed a death knight
  2971 | D        | Killed a nine-headed hydra
  2972 | D        | Noticed a deep troll earth mage
  2974 | D        | Noticed a stone giant
  2981 | D        | Killed a deep troll earth mage
  2981 | D        | Killed a lich
  2983 | D        | Noticed a white ugly thing
  2986 | D        | Killed a stone giant
  2988 | D        | Killed a white ugly thing
  3112 | D        | Noticed Frances
  3131 | D        | Killed Frances
  3131 | D        | Reached skill level 15 in Armour
  3131 | D        | Reached skill level 15 in Shields
  3313 | D        | Noticed Rupert
  3330 | D        | Noticed Agnes
  3340 | D        | Killed Agnes
  3340 | D        | Reached skill level 19 in Axes
  3507 | D        | Noticed a wolf spider
  3507 | D        | Noticed a wolf spider
  3507 | D        | Noticed a wolf spider
  3511 | D        | Killed a wolf spider
  3512 | D        | Noticed an orb spider
  3514 | D        | Killed a wolf spider
  3525 | D        | Killed a wolf spider
  3525 | D        | Reached XP level 12. HP: 98/125 MP: 11/11
  3736 | D        | Noticed a ghost crab
  3742 | D        | Killed a ghost crab
  3786 | D        | Noticed a nagaraja
  3786 | D        | Noticed a nagaraja
  3786 | D        | Noticed a naga warrior
  3931 | D        | Noticed a stone giant
  3931 | D        | Noticed a deep troll earth mage
  3931 | D        | Noticed an ogre mage
  3931 | D        | Noticed a yaktaur captain
  3932 | D        | Noticed a deep troll earth mage
  3933 | D        | Noticed a rakshasa
  3939 | D        | Noticed a stone giant
  3939 | D        | Killed an ogre mage
  3940 | D        | Noticed a stone giant
  3941 | D        | Noticed a yaktaur captain
  3941 | D        | Killed a deep troll earth mage
  3942 | D        | Noticed an ogre mage
  3945 | D        | Noticed a rakshasa
  3946 | D        | Noticed an ice dragon
  3947 | D        | Killed an ogre mage
  3950 | D        | Killed a rakshasa
  3954 | D        | Noticed a great orb of eyes
  3963 | D        | Killed an ice dragon
  4211 | D        | Noticed a centaur warrior
  4211 | D        | Noticed an ice dragon
  4213 | D        | Killed a centaur warrior
  4233 | D        | Killed a great orb of eyes
  4235 | D        | Killed an ice dragon
  4239 | D        | Killed a stone giant
  4245 | D        | Noticed a vault warden
  4249 | D        | Noticed a centaur warrior
  4259 | D        | Noticed an ironheart preserver
  4260 | D        | Noticed a vault warden
  4261 | D        | Killed a centaur warrior
  4266 | D        | Killed a vault warden
  4273 | D        | Killed a vault warden
  4282 | D        | Noticed a vault warden
  4288 | D        | Noticed a sphinx
  4289 | D        | Noticed a vault warden
  4296 | D        | Killed a vault warden
  4302 | D        | Noticed a vault warden
  4304 | D        | Killed an ironheart preserver
  4309 | D        | Killed a deep troll earth mage
  4309 | D        | Killed a nagaraja
  4311 | D        | Killed a stone giant
  4318 | D        | Noticed an ironheart preserver
  4322 | D        | Killed an ironheart preserver
  4322 | D        | Reached skill level 20 in Axes
  4322 | D        | Killed a vault warden
  4325 | D        | Noticed a deep elf high priest
  4326 | D        | Noticed a deep elf death mage
  4387 | D        | Noticed Nessos
  4395 | D        | Killed Nessos
  4421 | D        | Noticed Jory
  4518 | D        | Killed a deep elf high priest
  4562 | D        | Got the +0 pair of gloves of the Harp {rPois Str+5}
  4601 | D        | Paralysed by fainting for 10 turns
  4662 | D        | Noticed Nikola
  4675 | D        | Noticed a tengu reaver
  4677 | D        | Noticed a tengu reaver
  4678 | D        | Noticed Sojobo
  4810 | D        | Noticed an emperor scorpion
  4810 | D        | Noticed an emperor scorpion
  4817 | D        | Killed a ghost moth
  4819 | D        | Killed an emperor scorpion
  4832 | D        | Your ally died
  4848 | D        | Killed an emperor scorpion
  4851 | D        | Killed a ghost moth
  4869 | D        | Killed Nikola
  5035 | D        | Killed an emperor scorpion
  5108 | D        | Got a gossamer rune of Zot
  5116 | D        | Noticed an eight-headed hydra
  5116 | D        | Noticed an eight-headed hydra
  5116 | D        | Noticed a four-headed hydra
  5116 | D        | Noticed a five-headed hydra
  5116 | D        | Noticed a five-headed hydra
  5126 | D        | Killed a nine-headed hydra
  5128 | D        | Killed an eight-headed hydra
  5132 | D        | Killed a five-headed hydra
  5140 | D        | Killed a six-headed hydra
  5143 | D        | Killed a six-headed hydra
  5149 | D        | Noticed an alligator
  5154 | D        | Noticed an eight-headed hydra
  5157 | D        | Killed an alligator
  5159 | D        | Noticed a five-headed hydra
  5191 | D        | Killed a nine-headed hydra
  5202 | D        | Killed a six-headed hydra
  5345 | D        | Reached XP level 13. HP: 131/137 MP: 12/12
  5351 | D        | Reached skill level 21 in Axes
  5368 | D        | Got a decaying rune of Zot
  5423 | D        | Noticed a merfolk javelineer
  5423 | D        | Noticed a merfolk impaler
  5423 | D        | Noticed a merfolk impaler
  5423 | D        | Noticed a merfolk javelineer
  5424 | D        | Noticed Ilsuiw
  5425 | D        | Noticed a merfolk javelineer
  5426 | D        | Noticed a merfolk impaler
  5429 | D        | Noticed a merfolk javelineer
  5430 | D        | Killed a merfolk impaler
  5432 | D        | Killed a merfolk impaler
  5437 | D        | Noticed a merfolk javelineer
  5439 | D        | Noticed a merfolk impaler
  5451 | D        | Killed a merfolk impaler
  5456 | D        | Killed a deep elf death mage
  5461 | D        | Got a barnacled rune of Zot
  5481 | D        | Noticed a nagaraja
  5482 | D        | Noticed a nagaraja
  5485 | D        | Noticed a nagaraja
  5494 | D        | Noticed a nagaraja
  5497 | D        | Got a serpentine rune of Zot
  5657 | D        | Noticed Boris
  5759 | D        | Killed Boris
  5799 | D        | Noticed a vault warden
  5799 | D        | Noticed a tentacled monstrosity
  5811 | D        | Noticed a stone giant
  5815 | D        | Noticed a vault warden
  5822 | D        | Noticed a shadow dragon
  5822 | D        | Killed a vault warden
  5826 | D        | Killed a stone giant
  5834 | D        | Killed a shadow dragon
  5843 | D        | Noticed a shadow dragon
  5889 | D        | Killed a shadow dragon
  5897 | D        | Noticed an ironheart preserver
  5903 | D        | Noticed a stone giant
  6084 | D        | Noticed a fire giant
  6084 | D        | Noticed a shadow dragon
  6084 | D        | Noticed a quicksilver dragon
  6084 | D        | Noticed a golden dragon
  6084 | D        | Noticed a lich
  6084 | D        | Noticed a shadow dragon
  6091 | D        | Killed a fire giant
  6095 | D        | Killed a stone giant
  6112 | D        | Noticed a vault warden
  6118 | D        | Killed a shadow dragon
  6122 | D        | Killed a vault warden
  6483 | D        | Killed a merfolk javelineer
  6551 | D        | Killed a merfolk impaler
  6592 | D        | Your ally died
  6803 | D        | Killed a nagaraja
  6891 | D        | Killed a shadow dragon
  6991 | D        | Killed a quicksilver dragon
  7249 | D        | Killed a golden dragon
  7649 | D        | Noticed a shadow dragon
  7676 | D        | Killed a shadow dragon
  7676 | D        | Reached skill level 22 in Axes
  7990 | D        | Got a silver rune of Zot
  8019 | D        | Noticed Margery
  8117 | D        | Got the amulet "Xigafril" {Reflect *Drain rElec Int+8 SH+2}
  8119 | D        | Got the amulet of the Secret Orbs {Reflect MR++ SH+3}
  8121 | D        | Got the ring of Utreg {rCorr +Inv Str+3}
  8123 | D        | Got the ring "Riesyol" {+Blink rPois rC- EV+3 Stlth+}
  8125 | D        | Got the amulet of Happiness {Reflect rC+ Int+3 Dex+4 SH+3}
  8359 | D        | Noticed a fire dragon
  8359 | D        | Noticed a fire dragon
  8359 | D        | Noticed a frost giant
  8364 | D        | Killed a fire dragon
  8368 | D        | Killed a fire dragon
  8382 | D        | Noticed a fire dragon
  8382 | D        | Noticed a fire dragon
  8382 | D        | Noticed a purple draconian
  8382 | D        | Noticed a fire dragon
  8382 | D        | Noticed a white draconian
  8388 | D        | Killed a fire dragon
  8389 | D        | Killed a yellow draconian
  8390 | D        | Killed a fire dragon
  8395 | D        | Noticed a storm dragon
  8396 | D        | Noticed a black draconian
  8401 | D        | Killed a fire dragon
  8401 | D        | Killed a black draconian
  8401 | D        | Killed a purple draconian
  8401 | D        | Reached XP level 14. HP: 86/149 MP: 13/13
  8406 | D        | Killed a storm dragon
  8784 | D        | Noticed a white draconian stormcaller
  8784 | D        | Noticed a tentacled monstrosity
  8784 | D        | Noticed an orb of fire
  8784 | D        | Noticed a black draconian scorcher
  8796 | D        | Noticed a green draconian stormcaller
  8807 | D        | Noticed a golden dragon
  8807 | D        | Noticed a storm dragon
  8807 | D        | Noticed a green draconian monk
  8807 | D        | Killed a green draconian stormcaller
  8810 | D        | Killed a storm dragon
  8811 | D        | Killed a golden dragon
  8813 | D        | Killed a shadow dragon
  8814 | D        | Killed a tentacled monstrosity
  8818 | D        | Killed a black draconian scorcher
  8821 | D        | Killed a black draconian knight
  8964 | D        | Noticed a green draconian stormcaller
  8964 | D        | Noticed a yellow draconian stormcaller
  8964 | D        | Noticed a storm dragon
  8966 | D        | Killed a quicksilver dragon
  8969 | D        | Killed a ghost moth
  8969 | D        | Killed a storm dragon
  8969 | D        | Killed a yellow draconian stormcaller
  9003 | D        | Noticed a yellow draconian monk
  9003 | D        | Noticed a green draconian knight
  9003 | D        | Noticed a tentacled monstrosity
  9019 | D        | Killed a purple draconian shifter
  9020 | D        | Killed a tentacled monstrosity
  9022 | D        | Noticed a white draconian annihilator
  9038 | D        | Killed Sonja
  9186 | D        | Noticed an Orb Guardian
  9186 | D        | Noticed an Orb Guardian
  9186 | D        | Noticed an Orb Guardian
  9186 | D        | Noticed an Orb Guardian
  9186 | D        | Noticed an Orb Guardian
  9186 | D        | Noticed an Orb Guardian
  9187 | D        | Noticed an Orb Guardian
  9188 | D        | Noticed an Orb Guardian
  9189 | D        | Noticed an Orb Guardian
  9190 | D        | Noticed an Orb Guardian
  9194 | D        | Killed an Orb Guardian
  9198 | D        | Killed an Orb Guardian
  9198 | D        | Killed an Orb Guardian
  9198 | D        | Killed from afar by an orb of fire

Skill      XL: |  1  2  3  4  5  6  7  8  9 10 11 12 13 14 |
---------------+-------------------------------------------+-----
Fighting       | 5 6 7 9 10 11 13 14 17 19 20 21 | 21.4
Shields        | 5 6 7 9 10 11 12 13 14 15 17 21 | 21.9
Armour         | 5 6 7 9 10 11 13 15 17 20 | 20.4
Axes           | 3 4 6 8 11 13 15 17 19 20 22 | 22.5
Dodging        | 1 2 3 4 5 6 |  6.6
Stealth        | 1 4 5 6 7 |  7.3

Action                   |  1- 3 |  4- 6 |  7- 9 | 10-12 | 13-15 || total
-------------------------+-------+-------+-------+-------+-------++-------
Melee: War axe           |    16 |    47 |    99 |   168 |       ||   330
       Headbutt          |       |     7 |    28 |    64 |    44 ||   143
       Broad axe         |       |       |       |   121 |   134 ||   255
Invok: Bribe Branch      |       |       |       |     2 |     3 ||     5
  Use: Potion            |       |     2 |     2 |     4 |     1 ||     9
       Scroll            |       |       |       |     1 |     2 ||     3
 Stab: Distracted        |       |       |     2 |     5 |     3 ||    10
  Eat: Bread ration      |       |       |     1 |     1 |     2 ||     4
       Fruit             |       |       |       |     2 |       ||     2
       Meat ration       |       |       |       |     1 |     1 ||     2
Armor: Scale mail        |     9 |     9 |       |       |       ||    18
       Plate armour      |       |     8 |    23 |    61 |    60 ||   152
Dodge: Dodged            |     7 |     5 |    17 |    62 |    24 ||   115
Block: Shield            |     6 |    27 |    49 |    90 |       ||   172
       Large shield      |       |       |       |    44 |   132 ||   176
